TOP OF THE 1ST |
Hamilton Cardinals batting - Pitching for Detroit Red Wings : RHP Edwin Marquez
|
Pitching: RHP Edwin Marquez
|
|
Batting: RHB Chris Rouleau
|
0-0: Called Strike 0-1: Fly out, F8 (Flyball, 8LS, EV 94.4 MPH)
|
Batting: RHB Johnny Lowe
|
0-0: Ball 1-0: Fly out, F8 (Flyball, 8LD, EV 106.2 MPH)
|
Batting: SHB Steve Langlois
|
0-0: Ball 1-0: Foul Ball, location: 2F 1-1: Fly out, F6 (Line Drive, 6, EV 66.9 MPH)
|
Top of the 1st over - 0 runs, 0 hits, 0 errors, 0 left on base; Hamilton 0 - Detroit 0 |
BOTTOM OF THE 1ST |
Detroit Red Wings batting - Pitching for Hamilton Cardinals : LHP J.T. Ready
|
Pitching: LHP J.T. Ready
|
|
Batting: RHB Janne Vihko
|
0-0: Ball 1-0: Called Strike 1-1: Swinging Strike 1-2: Ball 2-2: Ground out U3 (Groundball, 34S, EV 76.2 MPH)
|
Batting: RHB Seth Fox
|
0-0: Called Strike 0-1: Foul Ball, location: 2F 0-2: Ball 1-2: Ball 2-2: Ball 3-2: Foul Ball, location: 2F 3-2: Foul Ball, location: 2F 3-2: Base on Balls
|
Batting: RHB Juan Perez
|
0-0: Called Strike 0-1: Ball 1-1: Swinging Strike 1-2: Ball 2-2: Foul Ball, location: 2F 2-2: Grounds into double play, 5-4-3 (Groundball, 56S, EV 83.8 MPH)
|
Bottom of the 1st over - 0 runs, 0 hits, 0 errors, 0 left on base; Hamilton 0 - Detroit 0 |
TOP OF THE 2ND |
Hamilton Cardinals batting - Pitching for Detroit Red Wings : RHP Edwin Marquez
|
Batting: SHB Justin Houser
|
0-0: Ball 1-0: Called Strike 1-1: Ground out U3 (Groundball, 34, EV 86.2 MPH)
|
Batting: LHB Billy Lang
|
0-0: Called Strike 0-1: Ball 1-1: Fly out, F8 (Flyball, 8RM, EV 90.6 MPH)
|
Batting: RHB Julio Sandoval
|
0-0: Foul Ball, location: 2F 0-1: Ball 1-1: DOUBLE (Flyball, 8RXD, EV 103.1 MPH)
|
Batting: RHB Tim Williams
|
0-0: Ball 1-0: Ball 2-0: Fly out, F8 (Flyball, 8LS, EV 77.5 MPH)
|
Top of the 2nd over - 0 runs, 1 hit, 0 errors, 1 left on base; Hamilton 0 - Detroit 0 |
BOTTOM OF THE 2ND |
Detroit Red Wings batting - Pitching for Hamilton Cardinals : LHP J.T. Ready
|
Batting: RHB Jorge Lebron
|
0-0: Ball 1-0: Ball 2-0: Called Strike 2-1: Called Strike 2-2: Foul Ball, location: 2F 2-2: Strikes out swinging
|
Batting: SHB Eisse Wijnja
|
0-0: Called Strike 0-1: Called Strike 0-2: Ball 1-2: Foul Ball, location: 2F 1-2: Ball 2-2: Ball 3-2: Ground out 6-3 (Groundball, 6, EV 87.5 MPH)
|
Batting: SHB Franklin Garza
|
0-0: Fly out, F8 (Flyball, 89M, EV 88.8 MPH)
|
Bottom of the 2nd over - 0 runs, 0 hits, 0 errors, 0 left on base; Hamilton 0 - Detroit 0 |
TOP OF THE 3RD |
Hamilton Cardinals batting - Pitching for Detroit Red Wings : RHP Edwin Marquez
|
Batting: SHB J.T. Ready
|
0-0: Swinging Strike 0-1: Foul Ball, location: 2F 0-2: Foul Ball, location: 2F 0-2: Ball 1-2: Ball 2-2: Strikes out looking
|
Batting: RHB Pablo Nunez
|
0-0: Called Strike 0-1: Ball 1-1: Foul Ball, location: 2F 1-2: Foul Ball, location: 2F 1-2: Ball 2-2: Foul Ball, location: 2F 2-2: Strikes out swinging
|
Batting: RHB Chris Rouleau
|
0-0: Called Strike 0-1: Swinging Strike 0-2: Fly out, F8 (Line Drive, 78D, EV 96.9 MPH)
|
Top of the 3rd over - 0 runs, 0 hits, 0 errors, 0 left on base; Hamilton 0 - Detroit 0 |
BOTTOM OF THE 3RD |
Detroit Red Wings batting - Pitching for Hamilton Cardinals : LHP J.T. Ready
|
Batting: LHB Iestyn Peacock
|
0-0: Ball 1-0: Foul Ball, location: 2F 1-1: Fly out, F8 (Flyball, 78M, EV 78.1 MPH)
|
Batting: RHB Dustin Bursell
|
0-0: Foul Ball, location: 2F 0-1: Called Strike 0-2: Strikes out swinging
|
Batting: SHB Salvador Lacosta
|
0-0: Foul Ball, location: 2F 0-1: Ball 1-1: Fly out, F4 (Line Drive, 4, EV 69.4 MPH)
|
Bottom of the 3rd over - 0 runs, 0 hits, 0 errors, 0 left on base; Hamilton 0 - Detroit 0 |
TOP OF THE 4TH |
Hamilton Cardinals batting - Pitching for Detroit Red Wings : RHP Edwin Marquez
|
Batting: RHB Johnny Lowe
|
0-0: Ball 1-0: SINGLE (Groundball, 6D, EV 102.5 MPH)
|
Batting: SHB Steve Langlois
|
0-0: Ball Johnny Lowe is caught stealing 2nd base 2-6 1-0: Foul Ball, location: 2F 1-1: Fly out, F8 (Flyball, 8LXD, EV 99.4 MPH)
|
Batting: SHB Justin Houser
|
0-0: Ball 1-0: Ball 2-0: Foul Ball, location: 2F 2-1: Foul Ball, location: 2F 2-2: Ball 3-2: Foul Ball, location: 2F 3-2: Foul Ball, location: 2F 3-2: DOUBLE (Flyball, 8LXD, EV 103.1 MPH)
|
Batting: LHB Billy Lang
|
0-0: Called Strike 0-1: Ball 1-1: DOUBLE (Line Drive, 7LM, EV 105.0 MPH) Justin Houser scores
|
Batting: RHB Julio Sandoval
|
0-0: Swinging Strike 0-1: Foul Ball, location: 2F 0-2: Foul Ball, location: 2F 0-2: Foul Ball, location: 2F 0-2: Ball 1-2: Foul Ball, location: 2F 1-2: Foul Ball, location: 2F 1-2: Ball 2-2: Ground out 5-3 (Groundball, 56, EV 100.0 MPH)
|
Top of the 4th over - 1 run, 3 hits, 0 errors, 1 left on base; Hamilton 1 - Detroit 0 |
BOTTOM OF THE 4TH |
Detroit Red Wings batting - Pitching for Hamilton Cardinals : LHP J.T. Ready
|
Batting: RHB Janne Vihko
|
0-0: Ball 1-0: Ball 2-0: Ball 3-0: Called Strike 3-1: SINGLE (Groundball, 56D, EV 105.0 MPH)
|
Batting: RHB Seth Fox
|
0-0: Ball 1-0: Foul Ball, location: 2F 1-1: Grounds into double play, 5-4-3 (Groundball, 56S, EV 83.1 MPH)
|
Batting: RHB Juan Perez
|
0-0: Ground out 6-3 (Groundball, 6, EV 80.6 MPH)
|
Bottom of the 4th over - 0 runs, 1 hit, 0 errors, 0 left on base; Hamilton 1 - Detroit 0 |
TOP OF THE 5TH |
Hamilton Cardinals batting - Pitching for Detroit Red Wings : RHP Edwin Marquez
|
Batting: RHB Tim Williams
|
0-0: Called Strike 0-1: Ball 1-1: Ball 2-1: Fly out, F8 (Flyball, 78D, EV 95.6 MPH)
|
Batting: SHB J.T. Ready
|
0-0: Ball 1-0: Called Strike 1-1: Foul Ball, location: 2F 1-2: Ball 2-2: Strikes out looking
|
Batting: RHB Pablo Nunez
|
0-0: Ball 1-0: Foul Ball, location: 2F 1-1: Swinging Strike 1-2: Ball 2-2: Foul Ball, location: 2F 2-2: Strikes out swinging
|
Top of the 5th over - 0 runs, 0 hits, 0 errors, 0 left on base; Hamilton 1 - Detroit 0 |
BOTTOM OF THE 5TH |
Detroit Red Wings batting - Pitching for Hamilton Cardinals : LHP J.T. Ready
|
Batting: RHB Jorge Lebron
|
0-0: Ground out 4-3 (Groundball, 4, EV 96.9 MPH)
|
Batting: SHB Eisse Wijnja
|
0-0: Foul Ball, location: 2F 0-1: SINGLE (Line Drive, 6D, EV 98.8 MPH)
|
Batting: SHB Franklin Garza
|
0-0: Foul Ball, location: 2F 0-1: Ball 1-1: Ball 2-1: Called Strike 2-2: Foul Ball, location: 2F 2-2: Ball 3-2: Foul Ball, location: 2F 3-2: Strikes out swinging
|
Batting: LHB Iestyn Peacock
|
0-0: Ground out 4-3 (Groundball, 34, EV 86.9 MPH)
|
Bottom of the 5th over - 0 runs, 1 hit, 0 errors, 1 left on base; Hamilton 1 - Detroit 0 |
TOP OF THE 6TH |
Hamilton Cardinals batting - Pitching for Detroit Red Wings : RHP Edwin Marquez
|
Batting: RHB Chris Rouleau
|
0-0: Ball 1-0: Ball 2-0: Ball 3-0: Called Strike 3-1: Base on Balls
|
Batting: RHB Johnny Lowe
|
0-0: Fielders Choice at 2nd, 6-4 (Groundball, 6, EV 84.4 MPH)
|
Batting: SHB Steve Langlois
|
0-0: Swinging Strike 0-1: Called Strike 0-2: Foul Ball, location: 2F 0-2: Foul Ball, location: 2F 0-2: Ball 1-2: Ball 2-2: Strikes out swinging
|
Pitching: RHP Mike Santana
|
|
Batting: SHB Justin Houser
|
0-0: Foul Ball, location: 2F 0-1: Foul Ball, location: 2F 0-2: Ball 1-2: Strikes out swinging
|
Top of the 6th over - 0 runs, 0 hits, 0 errors, 1 left on base; Hamilton 1 - Detroit 0 |
BOTTOM OF THE 6TH |
Detroit Red Wings batting - Pitching for Hamilton Cardinals : LHP J.T. Ready
|
Batting: RHB Dustin Bursell
|
0-0: Ball 1-0: Called Strike 1-1: Ball 2-1: Swinging Strike 2-2: Foul Ball, location: 2F 2-2: Strikes out swinging
|
Batting: SHB Salvador Lacosta
|
0-0: Ball 1-0: Ball 2-0: Called Strike 2-1: Foul Ball, location: 2F 2-2: Strikes out swinging
|
Batting: RHB Janne Vihko
|
0-0: Ball 1-0: Called Strike 1-1: Ball 2-1: Swinging Strike 2-2: Foul Ball, location: 2F 2-2: Ball 3-2: Ground out 6-3 (Groundball, 6MS, EV 73.8 MPH)
|
Bottom of the 6th over - 0 runs, 0 hits, 0 errors, 0 left on base; Hamilton 1 - Detroit 0 |
TOP OF THE 7TH |
Hamilton Cardinals batting - Pitching for Detroit Red Wings : RHP Mike Santana
|
Batting: LHB Billy Lang
|
0-0: Ball 1-0: DOUBLE (Line Drive, 89XD, EV 109.4 MPH)
|
Batting: RHB Julio Sandoval
|
0-0: Swinging Strike 0-1: Ball 1-1: Swinging Strike 1-2: Strikes out looking
|
Batting: RHB Tim Williams
|
0-0: Called Strike 0-1: Swinging Strike 0-2: Foul Ball, location: 2F 0-2: Ball 1-2: Foul Ball, location: 2F 1-2: Ball 2-2: Ball 3-2: Strikes out looking
|
Batting: SHB J.T. Ready
|
0-0: Called Strike 0-1: Ball 1-1: Called Strike 1-2: Strikes out swinging
|
Top of the 7th over - 0 runs, 1 hit, 0 errors, 1 left on base; Hamilton 1 - Detroit 0 |
BOTTOM OF THE 7TH |
Detroit Red Wings batting - Pitching for Hamilton Cardinals : LHP J.T. Ready
|
Batting: RHB Seth Fox
|
0-0: Foul Ball, location: 2F 0-1: Ball 1-1: Ball 2-1: Ball 3-1: Swinging Strike 3-2: Foul Ball, location: 2F 3-2: Base on Balls
|
Batting: RHB Juan Perez
|
0-0: Called Strike Seth Fox steals 2nd base 0-1: Ground out 6-3 (Groundball, 6, EV 99.4 MPH)
|
Batting: RHB Jorge Lebron
|
0-0: Ball 1-0: Called Strike 1-1: Ball 2-1: Foul Ball, location: 2F 2-2: Strikes out swinging
|
Batting: SHB Eisse Wijnja
|
0-0: Called Strike 0-1: Ball 1-1: Ball 2-1: Fly out, F3 (Popup, 3, EV 78.8 MPH)
|
Bottom of the 7th over - 0 runs, 0 hits, 0 errors, 1 left on base; Hamilton 1 - Detroit 0 |
TOP OF THE 8TH |
Hamilton Cardinals batting - Pitching for Detroit Red Wings : RHP Mike Santana
|
Batting: RHB Pablo Nunez
|
0-0: Called Strike 0-1: Ball 1-1: Swinging Strike 1-2: Ball 2-2: Ball 3-2: Fly out, F7 (Flyball, 7, EV 79.4 MPH)
|
Batting: RHB Chris Rouleau
|
0-0: Foul Ball, location: 2F 0-1: Ball 1-1: Foul Ball, location: 2F 1-2: Strikes out swinging
|
Pitching: RHP Mike Valdivia
|
|
Batting: RHB Johnny Lowe
|
0-0: Ball 1-0: Called Strike 1-1: SINGLE (Groundball, 5S, EV 67.5 MPH) (infield hit)
|
Batting: SHB Steve Langlois
|
0-0: Ball 1-0: Ball 2-0: 2-RUN HOME RUN (Flyball, 8LXD, EV 115.0 MPH), Distance : 440 ft
|
Batting: SHB Justin Houser
|
0-0: Ball 1-0: Foul Ball, location: 2F 1-1: Ball 2-1: Ball 3-1: Foul Ball, location: 2F 3-2: Strikes out looking
|
Top of the 8th over - 2 runs, 2 hits, 0 errors, 0 left on base; Hamilton 3 - Detroit 0 |
BOTTOM OF THE 8TH |
Detroit Red Wings batting - Pitching for Hamilton Cardinals : LHP J.T. Ready
|
Pitching: RHP Mark Rivera
|
|
Batting: SHB Franklin Garza
|
0-0: Ball 1-0: Called Strike 1-1: Swinging Strike 1-2: Strikes out looking
|
Batting: LHB Iestyn Peacock
|
0-0: Called Strike 0-1: Ball 1-1: Swinging Strike 1-2: Strikes out swinging
|
Batting: RHB Dustin Bursell
|
0-0: Ball 1-0: Swinging Strike 1-1: Called Strike 1-2: Strikes out swinging
|
Bottom of the 8th over - 0 runs, 0 hits, 0 errors, 0 left on base; Hamilton 3 - Detroit 0 |
TOP OF THE 9TH |
Hamilton Cardinals batting - Pitching for Detroit Red Wings : RHP Mike Valdivia
|
Batting: LHB Billy Lang
|
0-0: Swinging Strike 0-1: Ball 1-1: Ball 2-1: Swinging Strike 2-2: Strikes out swinging
|
Batting: RHB Julio Sandoval
|
0-0: Called Strike 0-1: Ball 1-1: Ball 2-1: Called Strike 2-2: Ground out 4-3 (Groundball, 4, EV 103.8 MPH)
|
Batting: RHB Tim Williams
|
0-0: Called Strike 0-1: Foul Ball, location: 2F 0-2: Strikes out swinging
|
Top of the 9th over - 0 runs, 0 hits, 0 errors, 0 left on base; Hamilton 3 - Detroit 0 |
BOTTOM OF THE 9TH |
Detroit Red Wings batting - Pitching for Hamilton Cardinals : RHP Mark Rivera
|
Pinch Hitting: LHB Jamie Christian
|
0-0: Hit by Pitch
|
Batting: RHB Janne Vihko
|
0-0: Swinging Strike 0-1: Ball 1-1: Foul Ball, location: 2F 1-2: Foul Ball, location: 2F 1-2: Foul Ball, location: 2F 1-2: Ball Wild Pitch! Jamie Christian to second 2-2: Ground out U3 (Groundball, 3S, EV 86.2 MPH) Jamie Christian to third
|
Batting: RHB Seth Fox
|
0-0: Ball 1-0: Ground out 1-3 (Groundball, P, EV 76.2 MPH)
|
Batting: RHB Juan Perez
|
0-0: Ball 1-0: Called Strike 1-1: Called Strike 1-2: Fly out, F9 (Flyball, 89M, EV 85.6 MPH)
|
Bottom of the 9th over - 0 runs, 0 hits, 0 errors, 1 left on base; Hamilton 3 - Detroit 0 |
|